Map: Psionic Temple

Players

Tesla - Winner!

  • Race: Protoss Protoss

JakeLabate

  • Race: Protoss Protoss
  • League: Diamond

VOD

Have the link to the VOD?

Description

Time

  • Played on: Sept. 21, 2016, 7:52 p.m.
  • Length: 13:07
Show
View Real Time Build Order
Export as new Build Order

Tesla Protoss - Winner!

Build Orders:  

Get SALT Encoding   

  12  0:01  Probe (Chrono Boost)  
  13  0:11  Probe (Chrono Boost)  
  14  0:22  Pylon, Probe (Chrono Boost)  
  15  0:40  Gateway, Probe (Chrono Boost)  
  16  0:46  Assimilator  
  16  0:50  Probe (Chrono Boost)  
  17  1:01  Probe (Chrono Boost)  
  18  1:11  Probe (Chrono Boost)  
  19  1:22  Probe (Chrono Boost)  
  20  1:26  Zealot  
  20  1:28  Cybernetics Core  
  23  1:34  Probe (Chrono Boost)  
  23  1:50  Pylon  
  23  1:51  Assimilator  
  23  2:03  Gateway  
  25  2:09  Mothership Core (Chrono Boost)  
  25  2:13  Warp Gate  
  25  2:27  Probe (Chrono Boost)  
  25  2:28  Nexus  
  26  2:35  Stalker  
  28  2:38  Probe (Chrono Boost)  
  29  2:48  Probe (Chrono Boost)  
  30  2:59  Probe (Chrono Boost)  
  31  3:08  Pylon  
  31  3:10  Pylon  
  31  3:14  Pylon  
  31  3:16  Assimilator  
  31  3:25  Twilight Council  
  31  3:26  Adept  
  34  3:28  Probe (Chrono Boost)  
  34  3:40  Probe x2 (Chrono Boost)  
  36  3:45  Stalker  
  38  3:51  Probe (Chrono Boost)  
  38  3:52  Probe (Chrono Boost)  
  38  3:55  Forge  
  40  3:58  Resonating Glaives  
  40  4:01  Probe (Chrono Boost)  
  42  4:04  Probe (Chrono Boost)  
  42  4:06  Sentry  
  44  4:12  Probe (Chrono Boost)  
  45  4:20  Gateway, Protoss Ground Weapons Level 1  
  46  4:25  Probe x2 (Chrono Boost)  
  46  4:37  Probe x2 (Chrono Boost)  
  48  4:42  Sentry  
  50  4:49  Stalker, Probe x2 (Chrono Boost)  
  56  5:01  Probe x2 (Chrono Boost)  
  56  5:02  Gateway  
  56  5:04  Assimilator  
  56  5:09  Robotics Facility  
  56  5:13  Probe (Chrono Boost)  
  58  5:14  Probe (Chrono Boost)  
  58  5:17  Adept  
  60  5:22  Stalker  
  60  5:26  Stalker  
  60  5:28  Blink  
  64  5:31  Probe x2 (Chrono Boost)  
  66  5:38  Gateway  
  66  5:39  Pylon  
  66  5:47  Pylon  
  66  5:52  Stalker  
  69  5:57  Observer  
  69  5:59  Protoss Ground Armor Level 1, Adept  
  69  6:03  Pylon  
  71  6:07  Stalker  
  71  6:10  Adept  
  75  6:16  Probe x2 (Chrono Boost)  
  75  6:18  Pylon  
  77  6:26  Warp Prism  
  77  6:30  Stalker  
  77  6:32  Adept  
  83  6:36  Stalker  
  86  6:41  Probe (Chrono Boost)  
  86  6:42  Stalker  
  86  6:46  Adept  
  90  6:52  Probe (Chrono Boost)  
  91  7:02  Immortal  
  91  7:05  Adept x2  
  91  7:06  Adept  
  101  7:17  Stalker  
  101  7:21  Pylon  
  102  7:22  Pylon  
  102  7:23  Pylon  
  102  7:25  Pylon  
  102  7:27  Pylon  
  102  7:40  Adept x3  
  102  7:41  Observer  
  109  7:45  Stalker  
  95  8:00  Adept  
  95  8:02  Adept x2, Immortal  
  81  8:31  Adept x3  
  81  8:32  Protoss Ground Weapons Level 2, Adept x2  
  85  8:42  Observer  
  86  8:53  Nexus  
  86  8:55  Stalker x3  
  88  8:57  Sentry  
  92  9:09  Mothership Core (Chrono Boost)  
  90  9:16  Probe (Chrono Boost)  
  87  9:19  Assimilator  
  87  9:23  Adept  
  87  9:24  Assimilator  
  87  9:26  Adept  
  87  9:27  Gateway  
  87  9:29  Probe x2 (Chrono Boost)  
  91  9:32  Stalker  
  91  9:34  Adept  
  95  9:42  Probe (Chrono Boost)  
  97  9:47  Probe (Chrono Boost)  
  97  9:54  Immortal  
  97  9:55  Probe (Chrono Boost)  
  97  9:59  Probe (Chrono Boost)  
  103  10:06  Dark Shrine  
  103  10:07  Probe (Chrono Boost)  
  104  10:09  Gateway  
  104  10:11  Probe (Chrono Boost)  
  104  10:14  Adept x2  
  109  10:28  Probe (Chrono Boost)  
  110  10:30  Protoss Ground Armor Level 2  
  110  10:34  Immortal  
  110  10:35  Stalker x2  
  118  10:39  Adept x2  
  122  10:55  Stalker x2  
  126  11:01  Stalker x3  
  132  11:06  Stalker  
  132  11:08  Adept  
  136  11:16  Stargate  
  136  11:20  Immortal  
  140  11:29  Adept x4  
  148  11:33  Adept  
  148  11:34  Adept  
  148  11:38  Stalker  
  152  11:50  Stalker x3  
  123  12:02  Stalker  
  123  12:03  Stalker x3  
  111  12:19  Stalker  
  111  12:20  Stalker x2  
  117  12:32  Stalker x4  
  117  12:55  Stalker x3  
  117  12:56  Stalker x4  
Show
View Real Time Build Order
Export as new Build Order

JakeLabate Protoss 

Build Orders:  

Get SALT Encoding   

  12  0:01  Probe (Chrono Boost)  
  13  0:11  Probe (Chrono Boost)  
  14  0:17  Pylon  
  14  0:22  Probe (Chrono Boost)  
  15  0:36  Probe (Chrono Boost)  
  16  0:46  Probe (Chrono Boost)  
  18  0:57  Probe (Chrono Boost)  
  18  1:06  Nexus  
  18  1:09  Probe (Chrono Boost)  
  19  1:20  Pylon  
  19  1:27  Gateway  
  19  1:30  Assimilator  
  19  1:35  Probe (Chrono Boost)  
  19  1:39  Gateway  
  19  1:46  Probe (Chrono Boost)  
  20  1:55  Assimilator  
  20  1:56  Probe (Chrono Boost)  
  21  2:02  Gateway  
  21  2:07  Probe (Chrono Boost)  
  22  2:17  Probe (Chrono Boost)  
  23  2:26  Probe (Chrono Boost)  
  23  2:28  Probe (Chrono Boost)  
  25  2:33  Pylon  
  26  2:37  Probe (Chrono Boost)  
  26  2:39  Probe (Chrono Boost)  
  26  2:42  Cybernetics Core  
  27  2:53  Zealot x2  
  27  2:54  Probe (Chrono Boost)  
  31  3:02  Probe (Chrono Boost)  
  32  3:06  Probe (Chrono Boost)  
  33  3:15  Gateway  
  33  3:18  Warp Gate  
  33  3:20  Mothership Core (Chrono Boost)  
  33  3:22  Stalker  
  33  3:27  Stalker  
  39  3:33  Probe (Chrono Boost)  
  40  3:39  Probe (Chrono Boost)  
  41  3:43  Probe (Chrono Boost)  
  42  3:49  Probe (Chrono Boost)  
  42  3:52  Pylon  
  42  3:54  Probe (Chrono Boost)  
  44  3:55  Robotics Facility  
  44  4:00  Probe (Chrono Boost)  
  45  4:07  Pylon  
  45  4:10  Stalker x2  
  49  4:21  Stalker  
  49  4:23  Probe (Chrono Boost)  
  52  4:26  Probe (Chrono Boost)  
  53  4:36  Pylon  
  53  4:40  Stalker x2  
  53  4:43  Twilight Council, Probe x2 (Chrono Boost)  
  59  4:47  Observer  
  60  4:55  Pylon  
  60  4:56  Assimilator  
  60  4:58  Probe (Chrono Boost)  
  59  5:01  Assimilator  
  59  5:11  Observer  
  59  5:12  Blink  
  60  5:23  Forge  
  60  5:25  Forge  
  60  5:28  Probe (Chrono Boost)  
  61  5:29  Probe (Chrono Boost)  
  62  5:38  Nexus  
  62  5:39  Probe (Chrono Boost)  
  62  5:40  Probe (Chrono Boost)  
  64  5:51  Gateway x2  
  64  5:52  Probe (Chrono Boost)  
  64  5:54  Observer  
  66  6:01  Probe (Chrono Boost)  
  66  6:04  Adept x3  
  73  6:15  Immortal  
  73  6:16  Probe (Chrono Boost)  
  78  6:28  Protoss Ground Armor Level 1  
  78  6:29  Protoss Ground Weapons Level 1  
  78  6:31  Gateway  
  78  6:34  Gateway  
  78  6:39  Pylon  
  78  6:50  Probe (Chrono Boost)  
  78  6:51  Probe (Chrono Boost)  
  80  6:58  Immortal  
  80  6:59  Probe (Chrono Boost)  
  80  7:00  Probe (Chrono Boost)  
  86  7:02  Assimilator  
  86  7:04  Pylon  
  86  7:06  Resonating Glaives  
  89  7:15  Probe x2 (Chrono Boost)  
  89  7:16  Pylon x2  
  89  7:17  Probe (Chrono Boost)  
  89  7:20  Pylon  
  89  7:29  Photon Cannon  
  89  7:33  Photon Cannon  
  89  7:35  Photon Cannon  
  89  7:49  Stalker x4  
  97  7:54  Adept  
  92  8:02  Adept x2  
  82  8:14  Adept x3  
  82  8:15  Adept  
  68  8:30  Adept x3  
  51  8:48  Protoss Ground Armor Level 2  
  51  8:55  Probe (Chrono Boost)  
  52  8:56  Pylon  
  49  9:08  Stalker x2  
  49  9:09  Protoss Ground Weapons Level 2  
  49  9:23  Probe (Chrono Boost)  
  50  9:24  Probe (Chrono Boost)  
  51  9:33  Pylon  
  51  9:36  Probe (Chrono Boost)  
  52  9:41  Probe (Chrono Boost)  
  53  9:48  Probe x2 (Chrono Boost)  
  53  9:51  Probe (Chrono Boost)  
  56  9:58  Probe (Chrono Boost)  
  56  9:59  Probe (Chrono Boost)  
  58  10:02  Probe (Chrono Boost)  
  59  10:09  Probe x2 (Chrono Boost)  
  59  10:12  Probe (Chrono Boost)  
  62  10:19  Probe (Chrono Boost)  
  62  10:20  Probe (Chrono Boost)  
  64  10:23  Probe (Chrono Boost)  
  64  10:24  Templar Archives  
  64  10:26  Sentry  
  64  10:27  Adept  
  64  10:28  Adept  
  71  10:30  Probe x2 (Chrono Boost)  
  71  10:33  Probe (Chrono Boost)  
  74  10:40  Probe (Chrono Boost)  
  74  10:41  Probe (Chrono Boost)  
  76  10:44  Probe (Chrono Boost)  
  76  10:46  Adept x3  
  83  10:51  Probe x2 (Chrono Boost)  
  83  10:56  Probe (Chrono Boost)  
  86  11:01  Probe (Chrono Boost)  
  86  11:02  Probe (Chrono Boost)  
  88  11:07  Stalker x3  
  88  11:08  Stalker  
  96  11:17  Stalker  
  96  11:18  Pylon  
  98  11:19  Pylon  
  98  11:26  Stalker x2  
  102  11:33  Immortal  
  106  11:41  Assimilator, Probe x2 (Chrono Boost)  
  106  11:42  Probe (Chrono Boost)  
  106  11:50  Stalker x3  
  90  12:00  Stalker x2  
  53  12:10  Stalker x2  
Tags
 
Add a new tag
Caveats
  • Supply blocks, unpowered buildings, or Contaminate may cause inaccurate times.
  • Supply counts are checked every 10 seconds.